 Dungeon Crawl Stone Soup version 0.13-a0-2923-g04ac8d1 (webtiles) character file.

123 PolkaDot the Sneak (level 3, -10/22 HPs)
             Began as a Vampire Wizard on Sept 2, 2013.
             Was an Initiate of Vehumet.
             Killed by divine providence
             ... invoked by an orc priest
              (16 damage)
             ... on Level 3 of the Dungeon.
             The game lasted 00:06:43 (1745 turns).

PolkaDot the Sneak (Vampire Wizard)                 Turns: 1745, Time: 00:06:43

HP -10/22        AC  5     Str  6      XL: 3   Next: 37%
MP  10/10        EV 12     Int 21      God: Vehumet [......]
Gold 80          SH  0     Dex 12      Spells:  3 memorised,  1 level left

Res.Fire  : . . .   See Invis. : +   l - +2,+0 mace (drain)
Res.Cold  : . . .   Warding    : .   a - +0 robe
Life Prot.: + . .   Conserve   : .   (no shield)
Res.Poison: .       Res.Corr.  : .   b - +0 wizard hat
Res.Elec. : .       Clarity    : .   (no cloak)
Sust.Abil.: . .     Spirit.Shd : .   (no gloves)
Res.Mut.  : +       Stasis     : .   n - +2 pair of elf boots
Res.Rott. : .       Flight     : .   h - amulet of resist mutation {unknown}
Saprovore : . . .                    (no ring)
                                     (no ring)

@: slightly resistant to hostile enchantments, stealthy
A: fangs 3, see invisible, unbreathing
a: Bat Form, Renounce Religion


You were on level 3 of the Dungeon.
You worshipped Vehumet.
Vehumet was noncommittal.
You were not thirsty.

You visited 1 branch of the dungeon, and saw 3 of its levels.

You collected 60 gold pieces.

Inventory:

Hand weapons
 j - a +0,+0 dwarven short sword
 l - a +2,+0 mace of draining (weapon)
Armour
 a - a +0 robe (worn)
 b - a +0 wizard hat (worn)
 n - a +2 pair of elven boots (worn)
Scrolls
 f - a scroll of identify {unknown}
 k - a scroll of remove curse {unknown}
 m - 2 scrolls of amnesia {unknown}
 o - 2 scrolls of recharging {unknown}
 p - a scroll of fog {unknown}
 t - a scroll of blinking {unknown}
Jewellery
 h - an amulet of resist mutation (around neck) {unknown}
Potions
 d - a potion of blood
 e - a potion of restore abilities {unknown}
 g - a potion of cure mutation {unknown}
 i - a potion of agility {unknown}
 q - a potion of speed {unknown}
 r - 2 potions of curing {unknown}
 s - a potion of might {unknown}
Books
 c - a book of Minor Magic

   Spells                             Type                      Level
   *Magic Dart                        Conjuration                  1
   Blink                              Translocation                2
   Call Imp                           Summoning                    2
   Repel Missiles                     Charms/Air                   2
   Slow                               Hexes                        2
   *Conjure Flame                     Conjuration/Fire             3
   *Mephitic Cloud                    Conjuration/Poison/Air       3


   Skills:
 - Level 2.1 Dodging
 - Level 3.0 Stealth
 - Level 3.0 Spellcasting
 * Level 2.4 Conjurations
   Level 1.0 Summonings
   Level 0.7 Translocations


You had one spell level left.
You knew the following spells:

 Your Spells              Type           Power        Failure   Level  Hunger
a - Magic Dart            Conj           ##..         6%          1    None
d - Mephitic Cloud        Conj/Pois/Air  #.......     30%         3    ###....
s - Conjure Flame         Conj/Fire      #.......     30%         3    ###....


Dungeon Overview and Level Annotations

Branches:
Dungeon (3/27)

Altars:
Sif Muna
Vehumet


Innate Abilities, Weirdness & Mutations

You have razor-sharp teeth.*
You have supernaturally acute eyesight.
You can survive without breathing.*


Message History

Adjust to which letter? s - Conjure Flame
Okay, then.
Adjust (i)tems, (s)pells, or (a)bilities?
Adjust which spell? c - Mephitic Cloud Adjust to which letter? d - Mephitic Cloud You climb downwards.
The orc misses you.
There is a stone staircase leading up here.
You hit the orc. You drain the orc!
The orc priest invokes the aid of Beogh against you.
Something smites you!
Ouch! That really hurt!
The orc hits you with an orcish dagger.
* * * LOW HITPOINT WARNING * * *
The orc priest mumbles some strange prayers to Beogh against you.
Something smites you!
Ouch! That really hurt!
You die...

##########
#@........
##o.....##
......#
......#
......+
......
...o. ....
#


You could see an orc priest and an orc.

Vanquished Creatures
  An adder (D:2)
  3 bats (D:1)
  4 giant cockroaches
  2 goblins
  7 hobgoblins
  3 jackals (D:1)
  3 kobolds
  A quokka (D:2)
  2 giant newts (D:2)
  4 rats
30 creatures vanquished.

Notes
Turn   | Place    | Note
--------------------------------------------------------------
     0 | D:1      | PolkaDot, the Vampire Wizard, began the quest for the Orb.
     0 | D:1      | Reached XP level 1. HP: 11/11 MP: 6/6
   228 | D:1      | Reached skill level 1 in Conjurations
   340 | D:1      | Reached XP level 2. HP: 9/17 MP: 2/8
  1241 | D:2      | Found a radiant altar of Vehumet.
  1246 | D:2      | Became a worshipper of Vehumet
  1251 | D:2      | Reached XP level 3. HP: 22/22 MP: 7/10
  1653 | D:2      | Found a deep blue altar of Sif Muna.
  1739 | D:2      | Learned a level 3 spell: Conjure Flame
  1743 | D:2      | Learned a level 3 spell: Mephitic Cloud
  1745 | D:3      | Killed from afar by an orc priest

Action                   || total
-------------------------++-------
Melee: Unarmed           ||    29
       Mace              ||    12
       Short sword       ||     5
 Cast: Magic Dart        ||    73
